 Dungeon Crawl Stone Soup version 0.31-a0-152-g6aa68a64a1 (webtiles) character file.

Game seed: 13067187423548683179

521 Armakuni the Changer (level 7, 61/61 HPs)
             Began as a Meteoran Wanderer on June 8, 2023.
             Quit the game in the Ecumenical Temple on June 10, 2023.
             The game lasted 00:16:24 (3376 turns).

Armakuni the Changer (Meteoran Wanderer)            Turns: 3376, Time: 00:16:25

Health: 61/61      AC:  8    Str: 11    XL:     7   Next: 75%
Magic:  10/10      EV: 27    Int: 17    God:
Gold:   119        SH:  0    Dex: 15    Spells: 7/8 levels left

rFire   . . .        a - +1 quarterstaff (protect)
rCold   . . .        (shield currently unavailable)
rNeg    . . .        p - +0 ring mail
rPois   .            g - +1 helmet
rElec   .            b - +0 cloak
rCorr   +            (no gloves)
SInv    .            (no boots)
Will    .....        A - amulet of the acrobat
Stlth   +            K - ring of resist corrosion
HPRegen 0.30/turn    (no ring)
MPRegen 0.12/turn

%: acrobat
@: acrobatic, glowing
A: sense surroundings 1, otherworldly, glowing, explore regen
a: no special abilities


You were in the Ecumenical Temple.
You visited 2 branches of the dungeon, and saw 7 of its levels.

You collected 187 gold pieces.
You spent 68 gold pieces at shops.

Inventory:

Hand Weapons
 a - a +1 quarterstaff of protection (weapon)
Armour
 b - a +0 cloak (worn)
 g - a +1 helmet (worn)
 p - a +0 ring mail (worn)
Jewellery
 A - an amulet of the acrobat (around neck)
 J - a ring of ice
 K - a ring of resist corrosion (left hand)
Scrolls
 c - 2 scrolls of blinking
 d - 2 scrolls of silence
 e - a scroll of poison
 h - 2 scrolls of teleportation
 i - a scroll of immolation
 o - a scroll of butterflies {unknown}
Potions
 f - a potion of curing
 j - a potion of ambrosia {unknown}
 k - 2 potions of might {unknown}
 l - a potion of haste
 m - a potion of brilliance {unknown}
 n - a potion of heal wounds {unknown}
 q - a potion of mutation {unknown}


   Skills:
 - Level 5.0 Fighting
 - Level 5.0 Staves
 + Level 1.9 Armour
 - Level 5.0 Dodging
 - Level 1.3 Spellcasting
 - Level 6.0 Transmutations


You had 7 spell levels left.
You knew the following spells:

 Your Spells              Type           Power      Damage    Failure   Level
a - Sting                 Tmut/Pois      44%        1d5       14%         1

Your spell library contained the following spells:

 Spells                   Type           Power      Damage    Failure   Level
 Passwall                 Tmut/Erth      9%         N/A       22%         2
 Necrotise                Necr           4%         1d4       43%         1
 Sandblast                Erth           2%         2d4       43%         1
 Ignite Poison            Fire/Tmut/Pois 7%         N/A       54%         3
 Poisonous Vapours        Pois/Air       2%         N/A       58%         2
 Ice Form                 Ice/Tmut       11%        N/A       80%         4
 Inner Flame              Hex/Fire       1%         N/A       82%         3
 Mephitic Cloud           Conj/Pois/Air  1%         N/A       82%         3
 Stone Arrow              Conj/Erth      2%         3d7       82%         3
 Vampiric Draining        Necr           1%         2d6       82%         3
 Flame Wave               Conj/Fire      1%         2d4       99%         4
 Sticky Flame             Conj/Fire      1%         2d3       99%         4
 Agony                    Necr           1%         N/A       100%        5
 Freezing Cloud           Conj/Ice/Air   0%         6-21      100%        5


Dungeon Overview and Level Annotations

Branches:
Dungeon (6/15) Zot: 313    Temple (1/1) D:4 Zot: 429

Altars:
Cheibriados
Fedhas
Hepliaklqana
Kikubaaqudgha
Nemelex Xobeh
Qazlal
Ru
Trog
Xom
Zin
The Shining One

Shops:
D:2 [*[[   D:3 [?=(   D:4 **


Innate Abilities, Weirdness & Mutations

You passively map a small area around you.
You are easily found by Zot.
You glow in the dark.
You regain HP and MP as you explore.


Message History

a +0 flail; an orc corpse You now have 119 gold pieces (gained 8).
There is a staircase to the Ecumenical Temple here.
You see here a +0 trident.
There is a staircase to the Ecumenical Temple here.
You climb downwards.
Welcome to the Ecumenical Temple!
Found a glowing silver altar of Zin and a bloodstained altar of Trog.
There is a staircase back to the Dungeon here.
Found a glowing golden altar of the Shining One.
You enter the shallow water.
Moving in this stuff is going to be slow.
You enter the shallow water.
Moving in this stuff is going to be slow.
You enter the shallow water.
Moving in this stuff is going to be slow.
Found a stormy altar of Qazlal.
There is a bloodstained altar of Trog here.
Found a sparkling altar of Nemelex Xobeh.
Found a snail-covered altar of Cheibriados.
Found an ancient bone altar of Kikubaaqudgha.
Found a sacrificial altar of Ru.
Found a blossoming altar of Fedhas.
Found a shimmering altar of Xom.
You enter the shallow water.
Moving in this stuff is going to be slow.
There is a bloodstained altar of Trog here.
There is a glowing silver altar of Zin here.
You enter the shallow water.
Moving in this stuff is going to be slow.
Done exploring.
There is a staircase back to the Dungeon here.
Search for what [Enter for "rmour", or ? for help]? .
Saving game... please wait.
Welcome back, Armakuni the Meteoran Wanderer.
Press ? for a list of commands and other information.
Welcome back, Armakuni the Meteoran Wanderer.
Press ? for a list of commands and other information.
Unknown command.
Unknown command.
Are you sure you want to abandon this character and quit the game? (Confirm with "yes".)

..........♣.§......~≈≈♣♣
~.♣~......♣♣.......~≈≈≈♣♣
.....♣♣..§..~...._~~≈≈≈≈♣
...§~♣♣♣..♣§....~...≈~≈≈♣♣♣
........~.....~.~~~..≈≈≈≈≈♣
.♣..._..~~~....~~~~~.~≈≈≈≈♣
♣.♣♣~....♣♣.♣.~~~~~~..~≈≈≈♣
♣.♣♣.....♣♣.....~.~~..~~≈≈♣
..♣♣......♣.....@.~....≈≈♣♣
.........§......~...§..♣♣♣
.._....~.......§...~.~~♣♣♣
......♣.~~.......~♣.~~~~~♣
.......♣♣♣♣..♣..♣♣♣..~~~♣♣
....♣..♣♣♣~.....♣♣♣...~♣♣
.§....~♣..........♣.§..♣♣
~~~~~~...♣.......~......♣
~~~~~~~~.~......_.......♣♣


There were no monsters in sight!

Vanquished Creatures
  A scorpion (D:4)
  3 howler monkeys
  A jelly (D:5)
  A sleepcap (D:5)
  An orc priest (D:4)
  An orc wizard (D:5)
  Robin (D:1)
  6 gnolls (D:5)
  7 adders
  A white imp (D:5)
  A worm (D:3)
  2 dart slugs (D:1)
  11 orcs
  4 endoplasms
  4 giant cockroaches
  10 goblins
  9 hobgoblins
  3 jackals (D:3)
  9 kobolds
  3 quokkas
  8 ball pythons
  A bat (D:1)
  2 frilled lizards (D:2)
  6 rats
96 creatures vanquished.

Notes
Turn   | Place    | Note
-------+----------+-------------------------------------------
     0 | D:1      | Armakuni the Meteoran Wanderer began the quest for the Orb.
     0 | D:1      | Armakuni set off with the following items: a +0
                  | quarterstaff, a +0 cloak, a scroll of silence, a +0 robe;
                  | and the following spell memorised: Sting; and the following
                  | spells available to memorise: Ignite Poison, Ice Form.
     0 | D:1      | Reached XP level 1. HP: 17/17 MP: 3/3
   407 | D:1      | Reached XP level 2. HP: 20/25 MP: 5/5
   410 | D:2      | Noticed Robin
   431 | D:1      | HP: 1/26 [goblin/+0 dagger[Robin] (2)]
   472 | D:1      | Reached XP level 3. HP: 22/31 MP: 6/6
   477 | D:1      | You fall into a shaft and drop 1 floor!
   529 | D:2      | Found Zutod's Antique Armour Shop.
   561 | D:1      | Killed Robin
   562 | D:1      | Reached XP level 4. HP: 33/40 MP: 7/7
   949 | D:2      | Found Riatecw's Armour Boutique.
  1089 | D:1      | Found a faded altar of an unknown god.
  1447 | D:1      | Reached skill level 5 in Fighting
  1447 | D:1      | Reached XP level 5. HP: 29/48 MP: 8/8
  1567 | D:3      | Found Vumm's Magic Scroll Shop.
  1569 | D:3      | Found Igiuwoo's Jewellery Boutique.
  1654 | D:4      | Found Lumijim's Specific Store.
  1691 | D:4      | Reached XP level 6. HP: 22/56 MP: 9/9
  1697 | D:3      | HP: 2/56 [poisoned by a scorpion]
  1791 | D:3      | Found Vehaodei's Antique Armour Shoppe.
  2032 | D:2      | Found Qoasm's Armour Shop.
  2040 | D:2      | Found Animah's Assorted Antiques.
  2046 | D:2      | Bought a fizzy emerald potion for 16 gold pieces
  2046 | D:2      | Bought an amethyst potion for 16 gold pieces
  2046 | D:2      | Bought a scroll of identify for 36 gold pieces
  2064 | D:2      | Reached skill level 5 in Staves
  2236 | D:2      | Glimpsed the power of Zot.
  2286 | D:3      | Glimpsed the power of Zot.
  2316 | D:5      | Entered Level 5 of the Dungeon
  2320 | D:4      | Found Cosmom's General Store.
  2448 | D:5      | Reached XP level 7. HP: 32/61 MP: 10/10
  2452 | D:5      | Found a hazy altar of Hepliaklqana.
  2677 | D:5      | Reached skill level 5 in Dodging
  2799 | D:3      | Found Qataes's Antique Weapon Shoppe.
  2866 | D:3      | Reached skill level 1 in Armour
  3183 | D:4      | Found a staircase to the Ecumenical Temple.
  3211 | Temple   | Entered the Ecumenical Temple
  3376 | Temple   | Upgraded the game from 0.31-a0-149-g3fdcc5976a to
                  | 0.31-a0-152-g6aa68a64a1
  3376 | Temple   | Quit the game

Illustrated notes

Levels and vault maps discovered:
D:1:      dpeg_arrival_houses_and_road, layout_basic, serial_corexii_hall,
          corexii_hall_statues_i, corexii_hall_statues_t,
          shapermc_ecumenical_altar_mp_ritualfount, minmay_misc_feat_plants
D:2:      layout_basic, serial_shops, shop, nicolae_shop_tiny_real_fake_doors,
          shop, shop, uniq_robin
D:3:      layout_loops_ring, serial_shops, shop, nicolae_shop_real_fake_doors,
          nicolae_shop_just_a_little_nook, shop, saegor_snake_ambush
D:4:      layout_rooms, nicolae_gozag_cash_rules_everything_around_me,
          minmay_temple_entry_offerings, nicolae_specific_store
D:5:      layout_basic, mainiacjoe_overflow_brackets,
          nicolae_uskayaw_dance_hall, bh_walls_and_bars, uniq_prince_ribbit1
D:6:      cheibrodos_two_vegetables, layout_basic, hangedman_decor_riveting
Temple:   nicolae_temple_bog_church

Skill      XL: |  1  2  3  4  5  6  7 |
---------------+----------------------+-----
Fighting       | 3 4 5 |  5.0
Staves         | 4 5 |  5.0
Dodging        | 3 5 |  5.0
Armour         | 1 |  1.9
Spellcasting   | |  1.3
Transmutations | |  6.0

Action                     |  1- 3 |  4- 6 |  7- 9 || total
---------------------------+-------+-------+-------++-------
  Melee: Quarterstaff      |    61 |   179 |    83 ||   323
    Use: Scroll            |     3 |     6 |     2 ||    11
         Potion            |     2 |     1 |       ||     3
 Armour: Robe              |    16 |    70 |       ||    86
         Ring mail         |       |    20 |    41 ||    61
  Dodge: Dodged            |    50 |   107 |    44 ||   201

Table legend: (Time is in decaauts)
 A = Elapsed time spent in this place.
 B = Non-inter-level travel time spent in this place.
 C = Inter-level travel time spent in this place.
 D = Time resting spent in this place.
 E = Time spent auto-exploring this place.
 F = Levels seen in this place.
 G = Mean time per level.
                   A        B        C        D        E       F      G
               +--------+--------+--------+--------+--------+-----+--------+
         Total |   3457 |   3045 |    412 |    106 |    992 |   7 |  493.9 |
       Dungeon |   3287 |   2886 |    401 |    106 |    842 |   6 |  547.8 |
        Temple |    170 |    159 |     11 |      0 |    149 |   1 |  170.0 |
               +--------+--------+--------+--------+--------+-----+--------+

Top non-repeatable levels by time:
     D:1: 1233 daAuts
     D:3: 780 daAuts
     D:2: 704 daAuts
     D:5: 306 daAuts
     D:4: 259 daAuts
  Temple: 170 daAuts
     D:6: 1 daAuts
